AoeStats
← Dieguin

Arabia

503178779Analyzed
1v1 RM · 1mo ago on Aug 30, 2026· 28m 55s· 2 players
Game mode
Random Map
Map size
Tiny (2 player)
Population
200
Speed
Normal
Resources
Standard
Victory
Conquest
Starting age
Dark Age
Ending age
Imperial Age
RankedLock teamsTeams togetherTeam positionsShared explorationLock speedFull tech treeHidden civsTurbo modeCheats
Victory
Defeat
🇨🇴 Cumans · Colombia
865
+14
🇹🇷 Huns · Türkiye
829
-14
artunclebeoglu
5:54 Loom
11:52 Feudal Age
22:59 Castle Age
23:29 Bloodlines
24:07 Scale Barding Armor
23:41 Light Cavalry
24:23 Husbandry
26:35 Squires
25:59 Man-at-Arms
27:31 Gold Mining
27:49 Double-Bit Axe
Dieguin
7:15 Loom
10:13 Feudal Age
11:04 Double-Bit Axe
15:44 Fletching
19:32 Horse Collar
26:18 Castle Age
25:36 Padded Archer Armor
25:37 Scale Mail Armor
26:50 Wheelbarrow
26:26 Pikeman
26:40 Crossbowman
27:28 Capped Ram
Connection lost

Rejoining the realm…

Still unreachable

The connection could not be restored.

Session expired

The server has moved on; the page needs a fresh start.